 Dungeon Crawl Stone Soup version 0.31-a0-210-gccc998df9b (webtiles) character file.

Game seed: 15199643447506182626

445 qw the Shooter (level 6, -14/52 HPs)
             Began as a Minotaur Hexslinger on June 30, 2023.
             Demolished by an ogre
             ... wielding a +0 giant club
              (32 damage)
             ... on level 4 of the Dungeon.
             The game lasted 00:01:21 (2934 turns).

qw the Shooter (Minotaur Hexslinger)                Turns: 2934, Time: 00:01:21

Health: -14/52     AC:  3    Str: 12    XL:     6   Next: 72%
Magic:  6/6        EV: 12    Int: 10    God:
Gold:   264        SH:  0    Dex: 15    Spells: 6/7 levels left

rFire   . . .        Y - +1 sling
rCold   + + .        (no shield)
rNeg    . . .        e - +1 robe {rC+}
rPois   .            (helmet restricted)
rElec   .            (no cloak)
rCorr   .            (no gloves)
SInv    .            (no boots)
Will    .....        (no amulet)
Stlth   +            g - ring of protection from cold
HPRegen 0.28/turn    (no ring)
MPRegen 0.10/turn

%: no passive effects
@: no status effects
A: horns 2, retaliatory headbutt
a: no special abilities


You were on level 4 of the Dungeon.
You visited 1 branch of the dungeon, and saw 4 of its levels.

You collected 264 gold pieces.


Innate Abilities, Weirdness & Mutations

You have a pair of horns on your head.
You reflexively headbutt those who attack you in melee.


   Skills:
 - Level 4.0 Fighting
 + Level 7.2 Ranged Weapons
 - Level 2.1 Dodging
 - Level 1.0 Spellcasting
 - Level 2.0 Hexes


You had 6 spell levels left.
You knew the following spells:

 Your Spells              Type           Power      Damage    Failure   Level
a - Slow                  Hex            16%        N/A       16%         1

Your spell library contained the following spells:

 Spells                   Type           Power      Damage    Failure   Level
 Inner Flame              Hex/Fire       2%         N/A       56%         3
 Portal Projectile        Hex/Tloc       4%         N/A       56%         3
 Cause Fear               Hex            2%         N/A       83%         4

Inventory:

Hand Weapons
 Y - a +1 sling (weapon)
Armour
 e - a +1 robe of cold resistance (worn)
 h - a +1 robe of fire resistance
 j - a +0 ring mail
 k - a +0 pair of gloves
Jewellery
 g - a ring of protection from cold (left hand)
Scrolls
 d - a scroll of teleportation
 i - a scroll of identify
Potions
 a - 2 potions of mutation {unknown}
 b - a potion of resistance {unknown}
 c - a potion of enlightenment {unknown}
 f - a potion of heal wounds

Dungeon Overview and Level Annotations

Branches:
Dungeon (4/15)
 Temple: D:4-7

Altars:

Shops:
D:4 [


Message History

A howler monkey comes into view.
You shoot a sling bullet. The sling bullet hits the worm.
The worm is severely wounded.
The worm bites you!
You shoot a sling bullet.
The sling bullet hits the worm but does no damage.
The worm is severely wounded.
You shoot a sling bullet.
The sling bullet hits the worm but does no damage.
The worm is severely wounded.
The howler monkey hoots and howls with incredible vigour!
The worm barely misses you.
You hear a shout!
You hear an angry hiss.
You shoot a sling bullet. The sling bullet hits the worm.
You kill the worm!
You shoot a sling bullet.
The sling bullet barely misses the kobold.
The kobold hits you but does no damage.
You shoot a sling bullet. The sling bullet hits the kobold.
The kobold is moderately wounded.
The kobold closely misses you. You furiously retaliate!
You headbutt the kobold!
You kill the kobold!
You shoot a sling bullet. The sling bullet hits the ogre.
The ogre is lightly wounded.
The ogre barely misses you.
You shoot a sling bullet.
The sling bullet barely misses the ogre.
The ogre hits you with a +0 giant club!!
Ouch! That really hurt!
You shoot a sling bullet.
The sling bullet barely misses the ogre.
The howler monkey hoots and howls with incredible vigour!
You shoot a sling bullet. The sling bullet hits the ogre!
The ogre is moderately wounded.
The ogre barely misses you.
You shoot a sling bullet.
The sling bullet closely misses the ogre.
The ogre hits you with a +0 giant club!!
Ouch! That really hurt!
You die...

##### .... #..#
##.#####
.......####
####......######
##..##......####
##..........@(#
############O#
h# .. #.. ... #.
#.###.. ... .>
...... .< ##.
####....:##.#
.##
.....#......#
..#
######......#
#.#


You could see an ogre and a howler monkey (catching breath).

Vanquished Creatures
  Sigmund (D:2)
  Jessica (D:2)
  An iguana (D:4)
  2 orc wizards (D:4)
  4 gnolls (D:4)
  4 adders (D:2)
  5 dart slugs
  3 worms
  An orc (D:4)
  12 bats
  5 endoplasms
  4 goblins
  10 hobgoblins
  3 quokkas
  14 ball pythons
  8 kobolds
  13 rats
91 creatures vanquished.

Notes
Turn   | Place    | Note
-------+----------+-------------------------------------------
     0 | D:1      | qw the Minotaur Hexslinger began the quest for the Orb.
     0 | D:1      | Reached XP level 1. HP: 16/16 MP: 1/1
     0 | D:1      | 0 ||| qw: Version: 0.3-a-24-ga2abf7b
     0 | D:1      | 0 ||| qw: Game counter: 7097
     0 | D:1      | 0 ||| qw: Melee chars always use a shield: true
     0 | D:1      | 0 ||| qw: God list: Okawaru
     0 | D:1      | 0 ||| qw: Allow faded altars: false
     0 | D:1      | 0 ||| qw: Do Orc after clearing Dungeon:15 true
     0 | D:1      | 0 ||| qw: Do second Lair branch before Depths: true
     0 | D:1      | 0 ||| qw: Lair rune preference: random
     0 | D:1      | 0 ||| qw: Goals: Normal
     0 | D:1      | 0 ||| PLANNING D:1-11
   279 | D:1      | Reached skill level 3 in Ranged Weapons
   317 | D:1      | Reached XP level 2. HP: 23/23 MP: 2/2
   704 | D:1      | Reached XP level 3. HP: 29/29 MP: 3/3
  1007 | D:1      | 1007 ||| UPGRADING to +1 robe of cold resistance.
  1017 | D:1      | 1017 ||| DROPPING +0 robe.
  1018 | D:1      | 1018 ||| READING scroll labelled UKOYSUDUXO.
  1022 | D:1      | 1022 ||| READING scroll labelled UPIKUKH FIMN.
  1023 | D:1      | 1023 ||| DRINKING 2 smoky red potions.
  1024 | D:1      | 1024 ||| DRINKING 2 bubbling white potions.
  1029 | D:1      | 1029 ||| DROPPING scroll of poison.
  1030 | D:1      | 1030 ||| DROPPING potion of invisibility.
  1031 | D:1      | 1031 ||| DROPPING potion of ambrosia.
  1039 | D:2      | Noticed Sigmund
  1063 | D:2      | Killed Sigmund
  1064 | D:2      | Reached skill level 6 in Ranged Weapons
  1064 | D:2      | Reached XP level 4. HP: 15/36 MP: 4/4
  1064 | D:2      | Reached XP level 5. HP: 17/41 MP: 5/5
  1330 | D:2      | Noticed Jessica
  1336 | D:2      | Killed Jessica
  1337 | D:2      | Reached skill level 3 in Fighting
  1542 | D:2      | Reached XP level 6. HP: 51/51 MP: 6/6
  1973 | D:2      | 1973 ||| UPGRADING to ring of protection from cold.
  1974 | D:2      | 1974 ||| READING scroll labelled KEH YCZOZAUTEH.
  1975 | D:2      | 1975 ||| READING scroll labelled ZOFIHE VOPRE.
  1976 | D:2      | 1976 ||| DRINKING 2 sapphire potions.
  1977 | D:2      | 1977 ||| DROPPING potion of brilliance.
  2310 | D:3      | Found a faded altar of an unknown god.
  2349 | D:3      | 2349 ||| DROPPING +0 leather armour.
  2350 | D:3      | 2350 ||| READING scroll labelled YMNITRYR NEPPU.
  2351 | D:3      | 2351 ||| READING scroll labelled CINILYLORI.
  2440 | D:4      | Found Nofozonn's Antique Armour Emporium.
  2704 | D:4      | 2704 ||| FLEEEEING.
  2707 | D:4      | 2707 ||| FLEEEEING.
  2712 | D:4      | 2712 ||| FLEEEEING.
  2713 | D:4      | 2713 ||| FLEEEEING.
  2732 | D:4      | Reached skill level 7 in Ranged Weapons
  2934 | D:4      | Demolished by an ogre

Levels and vault maps discovered:
D:1:      heliophobic_arrival_glass_houses, layout_loops_corners,
          minmay_close_crescents
D:2:      layout_loops_ring, serial_rivers, chequers_serial_rivers_room_b,
          chequers_serial_rivers_small_3, chequers_serial_rivers_room_a,
          chequers_serial_rivers_room_a, chequers_serial_rivers_micro_b,
          chequers_serial_rivers_large_a, minmay_tetromino_s4, uniq_sigmund,
          uniq_jessica
D:3:      layout_rooms, hellmonk_ecumenical_altar_leap_of_faith
D:4:      layout_rooms, serial_shops, nicolae_stop_n_shop_1, dk_noncrumbling_2,
          minivault_19, st_stairs_7, nicolae_shop_self_help

Skill      XL: |  1  2  3  4  5  6 |
---------------+-------------------+-----
Ranged Weapons | 3 6 7 |  7.2
Fighting       | 2 3 4 |  4.0
Dodging        | |  2.1
Spellcasting   | |  1.0
Hexes          | |  2.0

Action                     |  1- 3 |  4- 6 || total
---------------------------+-------+-------++-------
   Fire: Sling             |   112 |   204 ||   316
    Use: Scroll            |     2 |     4 ||     6
         Potion            |     2 |     1 ||     3
 Armour: Robe              |     9 |     8 ||    17
  Dodge: Dodged            |    42 |    57 ||    99

Table legend:
 A = Non-vault XP
 B = Vault XP
 C = Vault XP percentage of total XP
 D = Non-vault monster count
 E = Vault monster count
 F = Vault count percentage of total count
                 A         B        C        D         E       F
            +---------+---------+-------+---------+---------+-------
      Total |     342 |     295 |  46.3 |      83 |       8 |   8.8
            +---------+---------+-------+---------+---------+-------
        D:1 |      50 |       3 |   5.7 |      33 |       2 |   5.7
        D:2 |      80 |     286 |  78.1 |      21 |       4 |  16.0
        D:3 |      28 |       0 |   0.0 |      14 |       0 |   0.0
        D:4 |     184 |       6 |   3.2 |      15 |       2 |  11.8
            +---------+---------+-------+---------+---------+-------
